 Dungeon Crawl Stone Soup version 0.23-a0-241-g3b46b07 (webtiles) character file.

28 galech the Skirmisher (level 3, 29/29 HPs)
             Began as a Demonspawn Fighter on Sept 26, 2018.
             Quit the game on level 1 of the Dungeon.
             The game lasted 00:01:24 (304 turns).

galech the Skirmisher (Demonspawn Fighter)           Turns: 304, Time: 00:01:25

Health: 29/29      AC:  6    Str: 16    XL:     3   Next: 0%
Magic:  3/3        EV:  6    Int:  9    God:
Gold:   43         SH:  9    Dex: 13    Spells: 2/2 levels left

rFire    . . .     SeeInvis .   a - +0 war axe
rCold    . . .     Gourm    .   c - +0 shield
rNeg     . . .     Faith    .   b - +0 scale mail
rPois    .         Spirit   .   (no helmet)
rElec    .         Reflect  .   (no cloak)
rCorr    .         Harm     .   (no gloves)
MR       .....                  (no boots)
Stlth    ..........             (no amulet)
HPRegen  0.09/turn              (no ring)
MPRegen  0.08/turn              (no ring)

@: no status effects
A: claws 1, talons 1
a: no special abilities


You were on level 1 of the Dungeon.
You were not hungry.

You visited 1 branch of the dungeon, and saw 1 of its levels.

You collected 43 gold pieces.

Inventory:

Hand Weapons
 a - a +0 war axe (weapon)
Armour
 b - a +0 scale mail (worn)
 c - a +0 shield (worn)
Scrolls
 h - a scroll of enchant weapon {unknown}
 j - a scroll of immolation {unknown}
 k - a scroll of identify {unknown}
Potions
 d - a potion of might
 e - a potion of flight {unknown}
 i - a potion of ambrosia {unknown}
Comestibles
 f - a ration
 g - 7 chunks of flesh


   Skills:
 + Level 3.3 Fighting
 + Level 2.1 Axes
 + Level 3.0 Armour
 + Level 3.0 Shields


You had 2 spell levels left.
You didn't know any spells.
Your spell library was empty.

Dungeon Overview and Level Annotations

Branches:
Dungeon (1/15)

Altars:


Innate Abilities, Weirdness & Mutations

You have sharp fingernails.
You have sharp toenails.


Message History

You butcher the rat corpse.
g - 7 chunks of flesh (gained 1)
You see here a rat skeleton.
You see here a dagger.
Found 22 stones.
You see here 22 stones.
A hobgoblin comes into view.
The hobgoblin shouts!
Found a stone staircase leading down.
You closely miss the hobgoblin. The hobgoblin barely misses you.
You slash the hobgoblin!
You kill the hobgoblin!
You have reached level 3!
Your experience leads to an increase in your attributes!
Increase (S)trength, (I)ntelligence, or (D)exterity?
You feel agile.
Your demonic ancestry asserts itself...
Your fingernails lengthen.
Autopickup is now off.
Autopickup is now on.
Are you sure you want to abandon this character and quit the game? (Confirm

#.##....รท..##.#
#####.#####.#..##.. .?
...#.#####......##
#.####.#.......#..#...
#.......######.#......
#.##.......# #.#.....#
.##.##.#..##.# #.####...
.......#..##.###.####...
#....@......##........
#.#..........######...
#.....!.#....# #...
###.##.##.#..#### #...
... #.##.......###...
.... #................
.... ####.##..........
.>.. #.##..........
#.#####.###...


There were no monsters in sight!

Vanquished Creatures
  2 oozes (D:1)
  A leopard gecko (D:1)
  A giant cockroach (D:1)
  4 hobgoblins (D:1)
  2 ball pythons (D:1)
  4 bats (D:1)
  A frilled lizard (D:1)
  A kobold (D:1)
  4 rats (D:1)
20 creatures vanquished.

Notes
Turn   | Place    | Note
-------+----------+-------------------------------------------
     0 | D:1      | galech the Demonspawn Fighter began the quest for the Orb.
     0 | D:1      | Reached XP level 1. HP: 18/18 MP: 1/1
    12 | D:1      | Gained mutation: You have sharp toenails. [demonic
                  | ancestry]
    12 | D:1      | Reached XP level 2. HP: 24/24 MP: 2/2
   303 | D:1      | Gained mutation: You have sharp fingernails. [demonic
                  | ancestry]
   303 | D:1      | Reached XP level 3. HP: 29/29 MP: 3/3
   304 | D:1      | Quit the game

Vault maps used:
D:1:      onia_arrival_handbag, minmay_lizard_pond

Skill      XL: |  1  2 |
---------------+-------+-----
Axes           | 2 |  2.1
Armour         | 3 |  3.0
Shields        | 3 |  3.0
Fighting       | |  3.3

Action                   || total
-------------------------++-------
Melee: War axe           ||    50
       Kick              ||     4
Armor: Scale mail        ||    35
Dodge: Dodged            ||    19
Block: Shield            ||    32

Table legend:
 A = Non-vault XP
 B = Vault XP
 C = Vault XP percentage of total XP
 D = Non-vault monster count
 E = Vault monster count
 F = Vault count percentage of total count
                 A         B        C        D         E       F
            +---------+---------+-------+---------+---------+-------
      Total |      30 |      11 |  26.8 |      16 |       4 |  20.0
            +---------+---------+-------+---------+---------+-------
        D:1 |      30 |      11 |  26.8 |      16 |       4 |  20.0
            +---------+---------+-------+---------+---------+-------
